 Dungeon Crawl Stone Soup version 0.31-a0-472-g43a2ca8e1b (console) character file.

Game seed: 11412898382288835655

1491 Lexodia the Conjurer (level 8, -2/41 HPs)
             Began as a Tengu Hedge Wizard on Aug 6, 2023.
             Was an Initiate of Vehumet.
             Slain by a hornet (9 damage)
             ... on level 6 of the Dungeon.
             The game lasted 00:12:37 (5722 turns).

Lexodia the Conjurer (Tengu Hedge Wizard)           Turns: 5722, Time: 00:12:38

Health: -2/41      AC: 11    Str: 11    XL:     8   Next: 80%
Magic:  0/15       EV: 12    Int: 16    God:    Vehumet [......]
Gold:   357        SH:  0    Dex: 14    Spells: 3/15 levels left

rFire   . . .        z - +8 whip {spect, rElec Stlth+}
rCold   + . .        (no shield)
rNeg    . . .        x - +2 ring mail {rC+}
rPois   .            c - +0 hat
rElec   +            (no cloak)
rCorr   .            (no gloves)
SInv    .            (boots unavailable)
Will    .....        i - amulet of guardian spirit
Stlth   ++           g - +4 ring of protection
HPRegen 0.26/turn    (no ring)
MPRegen 0.14/turn

%: guardian spirit
@: flying quickly and evasively, slowed, very slow
A: beak, talons 3, nimble flight
a: Renounce Religion


You were on level 6 of the Dungeon.
You worshipped Vehumet.
Vehumet was noncommittal.
You visited 1 branch of the dungeon, and saw 6 of its levels.

You collected 357 gold pieces.

Inventory:

Hand Weapons
 a - a +0 dagger
 z - the +8 whip "Seoruavi" (weapon) {spect, rElec Stlth+}
   (You found it on level 3 of the Dungeon)

   rElec:     It insulates you from electricity.
   Stlth:     It makes you more stealthy.
Missiles
 q - 18 poisoned darts
Armour
 b - a +0 robe
 c - a +0 hat (worn)
 x - a +2 ring mail of cold resistance (worn)
Jewellery
 g - a +4 ring of protection (left hand)
 i - an amulet of guardian spirit (around neck)
 n - a ring of fire
 y - a ring of protection from cold
Wands
 B - a wand of acid (8)
 C - a wand of flame (15)
 G - a wand of polymorph (10)
Scrolls
 e - a scroll of brand weapon {unknown}
 f - 2 scrolls of revelation {unknown}
 k - 2 scrolls of fear {unknown}
 m - 2 scrolls of immolation {unknown}
 p - 2 scrolls of enchant armour {unknown}
 r - 5 scrolls of fog {unknown}
 t - a scroll of noise {unknown}
 u - 6 scrolls of teleportation {unknown}
 v - a scroll of enchant weapon {unknown}
 A - 5 scrolls of identify {unknown}
 F - 4 scrolls of vulnerability {unknown}
 H - a scroll of amnesia {unknown}
Potions
 d - 3 potions of magic
 h - 2 potions of heal wounds {unknown}
 j - a potion of brilliance {unknown}
 l - a potion of mutation {unknown}
 o - 4 potions of curing
 s - 3 potions of enlightenment {unknown}
 w - a potion of might {unknown}
 D - a potion of lignification {unknown}
 E - 3 potions of degeneration {unknown}


   Skills:
 + Level 6.2 Maces & Flails
 - Level 3.0 Armour
 - Level 2.1 Dodging
 - Level 2.0 Stealth
 + Level 4.0 Spellcasting
 + Level 6.3 Conjurations
 - Level 4.0 Summonings
 - Level 0.7 Translocations
 * Level 4.6 Fire Magic
 - Level 3.0 Air Magic


You had 3 spell levels left.
You knew the following spells:

 Your Spells              Type           Power      Damage    Failure   Level
a - Magic Dart            Conj           92%        1d7       2%          1
b - Call Imp              Summ           32%        N/A       11%         2
c - Passwall              Tmut/Erth      2%         N/A       50%         2
d - Mephitic Cloud        Conj/Pois/Air  13%        N/A       32%         3
e - Sticky Flame          Conj/Fire      20%        2d4       36%         4

Your spell library contained the following spells:

 Spells                   Type           Power      Damage    Failure   Level
 Searing Ray              Conj           46%        2d6       4%          2
 Stone Arrow              Conj/Erth      26%        3d8       30%         3
 Sandblast                Erth           6%         2d5       36%         1
 Slow                     Hex            12%        N/A       36%         1
 Cigotuvi's Dreadful Rot  Necr/Pois/Air  12%        N/A       36%         2
 Blink                    Tloc           10%        N/A       41%         2
 Ignite Poison            Fire/Tmut/Pois 8%         N/A       52%         3
 Fulminant Prism          Conj/Hex       6%         3d7       71%         4
 Ignition                 Fire           9%         3d5       100%        8


Dungeon Overview and Level Annotations

Branches:
Dungeon (6/15)
 Temple: D:4-7

Altars:
Dithmenos
Elyvilon
Hepliaklqana
Vehumet
The Shining One

Shops:
D:4 [


Innate Abilities, Weirdness & Mutations

You have a beak for a mouth.
You have claws for feet.
Your magical nature lets you fly swiftly and evasively.


Message History

The hornet closely misses you.
You miss the hornet. You claw the hornet.
The hornet is lightly wounded.
Your +8 whip "Seoruavi" {spect, rElec Stlth+} closely misses the hornet.
The hornet stings you but does no damage.
The shadow imp misses you.
You hit the hornet. Your kick misses the hornet.
The hornet is lightly wounded.
Your +8 whip "Seoruavi" {spect, rElec Stlth+} hits the hornet.
The hornet stings you but does no damage.
The shadow imp closely misses you. The hornet stings you.
You feel as though you will be slow longer.
Damage: -8%(-3hp) hp: 66%(27hp)
You hit the hornet but do no damage. Your kick misses the hornet.
The hornet is moderately wounded.
Your +8 whip "Seoruavi" {spect, rElec Stlth+} hits the hornet.
The hornet stings you!
You feel as though you will be slow longer.
The shadow imp closely misses you. The hornet stings you!
You feel as though you will be slow longer.
The shadow imp hits you but does no damage.
Huge Dmg: -29%(-12hp) hp: 37%(15hp)
You closely miss the hornet. Your kick misses the hornet.
You peck the hornet, but do no damage.
The hornet is heavily wounded.
Your +8 whip "Seoruavi" {spect, rElec Stlth+} barely misses the hornet.
The hornet completely misses you. The shadow imp closely misses you.
You miss the hornet. You peck the hornet, but do no damage.
The hornet is heavily wounded.
Your +8 whip "Seoruavi" {spect, rElec Stlth+} barely misses the hornet.
The hornet barely misses you. The hornet closely misses you.
The shadow imp barely misses you.
You miss the hornet. You claw the hornet, but do no damage.
The hornet is heavily wounded.
Your +8 whip "Seoruavi" {spect, rElec Stlth+} misses the hornet.
The hornet stings you!
* * * LOW HITPOINT WARNING * * *
You feel as though you will be slow longer.
The shadow imp closely misses you. The hornet stings you!
You die...

#♣...♣# #...#
#.....# .#. #.#.#
###_### #!# #.#.#
### ###.# #.#.# ...#
#.#.# #..# ##.#.#
#..# #....# #5y#
#....###
#(@###......#
####...........#
................# ##
.####...........# #.
........#......# #.
####..#.....####
####.
#.$......######....
#.................##
#..........#####..#


You could see a hornet, a shadow imp and a friendly +8 whip "Seoruavi" {spect,
rElec Stlth+}.

Vanquished Creatures
  An ice beast (D:6)
  An orc warrior (D:6)
  An ogre (D:5)
  A sky beast (D:6)
  A phantom (D:6)
  A bullfrog (D:6)
  3 scorpions (D:5)
  2 howler monkeys
  2 jellies (D:6)
  3 hounds
  2 sleepcaps (D:6)
  5 iguanas
  3 orc wizards
  11 adders
  3 gnolls (D:5)
  2 ufetubi
  A worm (D:3)
  2 dart slugs (D:1)
  9 orcs
  2 bats (D:2)
  6 endoplasms
  2 giant cockroaches (D:3)
  5 goblins
  7 hobgoblins
  2 quokkas
  13 ball pythons
  3 frilled lizards
  7 kobolds
  9 rats
110 creatures vanquished.

Vanquished Creatures (collateral kills)
  A kobold brigand (D:6)
  An orc wizard (D:5)
  A frilled lizard (D:2)
  4 kobolds (D:6)
7 creatures vanquished.

Vanquished Creatures (others)
  An orc wizard (D:6)
1 creature vanquished.

Grand Total: 118 creatures vanquished

Notes
Turn   | Place    | Note
-------+----------+-------------------------------------------
     0 | D:1      | Lexodia the Tengu Hedge Wizard began the quest for the Orb.
     0 | D:1      | Reached XP level 1. HP: 10/10 MP: 5/5
    96 | D:1      | Huge Dmg: 3 dmg
    97 | D:1      | Huge Dmg: 2 dmg
   153 | D:1      | Reached XP level 2. HP: 13/15 MP: 2/7
   245 | D:1      | Learned a level 2 spell: Call Imp
   502 | D:1      | Learned a level 2 spell: Passwall
   809 | D:1      | Reached XP level 3. HP: 19/19 MP: 4/8
  1437 | D:2      | Learned a level 3 spell: Mephitic Cloud
  1719 | D:2      | Huge Dmg: 4 dmg
  2105 | D:2      | Reached XP level 4. HP: 23/24 MP: 6/9
  2136 | D:2      | Reached skill level 1 in Air Magic
  2612 | D:3      | Gained mutation: Your magical nature lets you fly swiftly
                  | and evasively. [Tengu growth]
  2612 | D:3      | Reached XP level 5. HP: 20/28 MP: 1/10
  2825 | D:3      | Huge Dmg: 7 dmg
  2991 | D:3      | Identified the +8 whip "Seoruavi" {spect, rElec Stlth+}
  3349 | D:4      | Reached skill level 1 in Maces & Flails
  3364 | D:4      | Found a shadowy altar of Dithmenos.
  3366 | D:4      | Found a white marble altar of Elyvilon.
  3722 | D:4      | Found a hazy altar of Hepliaklqana.
  3929 | D:4      | Reached skill level 5 in Conjurations
  3929 | D:4      | Reached XP level 6. HP: 28/32 MP: 9/11
  4063 | D:4      | Found Winkelried's Dragon-Slaying Spoils.
  4208 | D:5      | Entered Level 5 of the Dungeon
  4227 | D:5      | Found a radiant altar of Vehumet.
  4235 | D:5      | Became a worshipper of Vehumet
  4312 | D:5      | Huge Dmg: 7 dmg
  4351 | D:5      | Reached XP level 7. HP: 36/36 MP: 6/12
  4401 | D:5      | Reached skill level 5 in Maces & Flails
  4448 | D:5      | Learned a level 4 spell: Sticky Flame
  4468 | D:5      | Reached skill level 1 in Armour
  4468 | D:5      | Reached skill level 1 in Fire Magic
  4834 | D:5      | Huge Dmg: 9 dmg
  5057 | D:6      | Reached XP level 8. HP: 41/41 MP: 12/14
  5322 | D:6      | Huge Dmg: 9 dmg
  5636 | D:6      | Found a glowing golden altar of the Shining One.
  5710 | D:6      | Noticed a hornet
  5713 | D:6      | Paralysed by a hornet for 1 turns
  5715 | D:6      | Huge Dmg: 16 dmg
  5720 | D:6      | Huge Dmg: 12 dmg
  5722 | D:6      | Slain by a hornet

Illustrated notes

Levels and vault maps discovered:
D:1:      dpeg_arrival_rooms_b, layout_loops_ring, due_unseen_surprise
D:2:      layout_basic, minmay_snake_closets
D:3:      layout_loops_ring
D:4:      layout_loops_cross, jmf_multi_god_temple,
          nicolae_hepliaklqana_hippocampus, nicolae_shop_dragon_depot
D:5:      layout_rooms, nicolae_vehumet_radiance, serial_curves, eino_curves_03,
          eino_curves_02
D:6:      layout_loops_ring, tso_altar

Skill      XL: |  1  2  3  4  5  6  7  8 |
---------------+-------------------------+-----
Conjurations   | 2 3 4 5 6 |  6.3
Summonings     | 2 3 4 |  4.0
Air Magic      | 2 3 |  3.0
Maces & Flails | 2 4 5 6 |  6.2
Armour         | 2 3 |  3.0
Fire Magic     | 2 4 |  4.6
Spellcasting   | 4 |  4.0
Dodging        | |  2.1
Stealth        | |  2.0
Translocations | |  0.7

Action                     |  1- 3 |  4- 6 |  7- 9 || total
---------------------------+-------+-------+-------++-------
  Melee: Dagger            |    37 |    41 |       ||    78
         Kick              |     8 |    26 |    24 ||    58
         Peck              |     2 |     9 |    17 ||    28
         Whip              |       |    52 |    93 ||   145
         Punch             |       |       |     2 ||     2
   Cast: Magic Dart        |    66 |    20 |     6 ||    92
         Passwall          |     2 |       |       ||     2
         Call Imp          |     1 |     2 |    15 ||    18
    Use: Potion            |       |       |     1 ||     1
   Stab: Sleeping          |     4 |     4 |     1 ||     9
         Distracted        |       |       |     2 ||     2
 Armour: Robe              |    17 |     9 |       ||    26
         Ring mail         |       |    20 |    36 ||    56
  Dodge: Dodged            |    30 |    53 |    36 ||   119

Table legend: (Time is in decaauts)
 A = Elapsed time spent in this place.
 B = Non-inter-level travel time spent in this place.
 C = Inter-level travel time spent in this place.
 D = Time resting spent in this place.
 E = Time spent auto-exploring this place.
 F = Levels seen in this place.
 G = Mean time per level.
                   A        B        C        D        E       F      G
               +--------+--------+--------+--------+--------+-----+--------+
         Total |   5497 |   5227 |    270 |    198 |   4159 |   6 |  916.2 |
       Dungeon |   5497 |   5227 |    270 |    198 |   4159 |   6 |  916.2 |
               +--------+--------+--------+--------+--------+-----+--------+

Top non-repeatable levels by time:
     D:2: 1350 daAuts
     D:1: 1251 daAuts
     D:4: 797 daAuts
     D:5: 787 daAuts
     D:3: 681 daAuts
     D:6: 629 daAuts
